 Dungeon Sprint DCSS version 0.16.2-12-gd0ad4c3 (webtiles) character file.

128 musteatbrain the Grappler (level 9, -2/101 HPs)
             Began as a Troll Monk on Oct 15, 2015.
             Was the Champion of Jiyva.
             Slain by a giant anaconda (3 damage)
             ... in the Dungeon (Sprint VI: "Thunderdome") on Oct 16, 2015.
             The game lasted 00:08:40 (703 turns).

musteatbrain the Grappler (Troll Monk)               Turns: 703, Time: 00:08:41

Health: -2/101     AC:  2    Str: 26    XL:     9   Next: 1%
Magic:  3/4        EV: 16    Int: 14    God:    Jiyva [******]
Gold:   165        SH:  0    Dex: 15    Spells: 0 memorised, 8 levels left

rFire  + . .     SeeInvis .       - Unarmed
rCold  + + .     Clarity  .     a - +0 robe
rNeg   + . .     SustAb   .     (shield restricted)
rPois  +         Gourm    +     (helmet restricted)
rElec  +         Spirit   .     (no cloak)
rCorr  +         Warding  .     (gloves unavailable)
rMut   .         NoTele   +     (boots unavailable)
MR     +....                    n - amulet "Siwnoval" {rCorr -Tele rPois Str+2 Int+4}
Stlth  ++........               o - ring of Moamippi {rElec rC++ rN+}
                                m - ring of the Hidden Seas {-Tele rF+ AC-5 Str+3 Int+2} (curse)

@: constricted, somewhat resistant to hostile enchantments, unstealthy
A: unfitting armour, claws 3, thin metallic scales 1, clever 1, fast metabolism
3, gourmand, magic resistance 1, regeneration 2, shaggy fur 1, spit poison 1,
tough skin 2, acidic bite, translucent skin 1, jelly absorbing missiles
a: Spit Poison, Request Jelly, Jelly Paralyse, Slimify, Cure Bad Mutation,
Renounce Religion


You were in the Dungeon.
You worshipped Jiyva.
Jiyva was exalted by your worship.
You were not hungry.

You visited 1 branch You collected 390 gold pieces.
You spent 225 gold pieces at shops.

Inventory:

Armour
 a - a +0 robe (worn)
Jewellery
 m - the cursed ring of the Hidden Seas (left claw) {-Tele rF+ AC-5 Str+3 Int+2}
   (You bought it in a shop in the Dungeon)

   [ring of protection]

   It affects your AC (-5).
   It affects your strength (+3).
   It affects your intelligence (+2).
   It protects you from fire.
   It prevents most forms of teleportation.
   It has a curse placed upon it.
 n - the amulet "Siwnoval" (around neck) {rCorr -Tele rPois Str+2 Int+4}
   (You bought it in a shop in the Dungeon)

   [amulet of resist corrosion]

   It protects you from acid and corrosion.
   It affects your strength (+2).
   It affects your intelligence (+4).
   It protects you from poison.
   It prevents most forms of teleportation.
 o - the ring of Moamippi (right claw) {rElec rC++ rN+}
   (You bought it in a shop in the Dungeon)

   [ring of positive energy]

   It greatly protects you from cold.
   It insulates you from electricity.
   It protects you from negative energy.
Magical devices
 j - a wand of cold (0)
 k - a wand of fire (0)
Scrolls
 h - 4 scrolls of blinking
 l - 3 scrolls of fog
Potions
 e - 4 potions of haste
 f - 2 potions of magic
 g - a potion of berserk rage
 p - a potion of brilliance {unknown}
Comestibles
 b - 2 meat rations
 d - 4 chunks of flesh


   Skills:
 + Level 10.2 Fighting
 + Level 10.2 Dodging
 - Level 1.1 Stealth
 + Level 12.2 Unarmed Combat


You had 8 spell levels left.
You didn't know any spells.

Dungeon Overview and Level Annotations

Branches:
Dungeon (1/1)

Altars:
Cheibriados
Dithmenos
Fedhas
Gozag
Kikubaaqudgha
Makhleb
Okawaru
Qazlal
Ru
Sif Muna
Trog
Vehumet
Xom
Yredelemnul
Zin
The Shining One
Jiyva
Lugonu

Shops:
D *[%??*?*:[((!!!!


Innate Abilities, Weirdness & Mutations

You are too large for most types of armour.
You have claws for hands.
Your metabolism is lightning-fast.
You like to eat raw meat.
You heal very quickly.
You are covered in fur (AC +1).
You have very tough skin (AC +2).
You are partially covered in thin metallic scales (AC +2).
Your mind is acute. (Int +2)
You are resistant to hostile enchantments.
You can spit poison.
You have acidic saliva.
Your skin is partially translucent (Stealth, -foe acc).
You have a small jelly attached to you that may absorb incoming projectiles.


Message History

You claw the giant anaconda!
The giant anaconda is severely wounded.
The giant anaconda bites you.
* * * LOW HITPOINT WARNING * * *
x2 The giant anaconda constricts you.
You hear a slurping noise.
You feel a little less hungry.
You feel your power returning.
You feel a little better. The giant anaconda bites you!!
* * * LOW HITPOINT WARNING * * *
x2 The giant anaconda constricts you.
You feel better. The giant anaconda bites you.
* * * LOW HITPOINT WARNING * * *
x2 The giant anaconda constricts you.
You claw the giant anaconda! Your bite misses the giant anaconda.
The giant anaconda is severely wounded.
The giant anaconda closely misses you.
* * * LOW HITPOINT WARNING * * *
The giant anaconda constricts you.
The giant anaconda completely misses you.
You die...

###∩........8.# #.8........∩#
##.............###............
#⌠..........###...###§........
#⌠..........# #.<.# #.........
#⌠..........###...###.........
##.............###............
###∩........8.# #.8........∩#
##∩.__......###......__.∩##
######.8.@.......8.######
#⌠..S........⌠#
###.........### #_...J..._#
#........_# #_........#
#∩.......∩# ##∩.....∩##
##.....##


You could see a giant anaconda (bleeding) and a neutral jelly (fellow slime).

Vanquished Creatures
  An ogre mage (D)
  A two-headed ogre (D)
  An air elemental (D)
  An insubstantial wisp (D)
  2 porcupines (D)
  4 ogres (D)
  3 sky beasts (D)
  Sigmund (D)
  Terence (D)
  2 adders (D)
  A river rat (D)
  A hobgoblin (D)
  A rat (D)
20 creatures vanquished.

Vanquished Creatures (others)
  5 jellies (D)
  A river rat (D)
  A quokka (D)
7 creatures vanquished.

Grand Total: 27 creatures vanquished

Notes
Turn   | Place    | Note
--------------------------------------------------------------
     0 | D        | musteatbrain, the Troll Monk, began the quest for the Orb.
     0 | D        | Reached XP level 1. HP: 22/22 MP: 1/1
     1 | D        | Found a snail-covered altar of Cheibriados.
     1 | D        | Found a shimmering altar of Xom.
     2 | D        | Found a corrupted altar of Lugonu.
     3 | D        | Found a glowing golden altar of the Shining One.
     4 | D        | Found Gohazud's Advanced Armour.
     4 | D        | Found Beodos' Identification Station.
     4 | D        | Found a blossoming altar of Fedhas.
     4 | D        | Found a radiant altar of Vehumet.
     5 | D        | Found an iron altar of Okawaru.
     5 | D        | Round 1.
     6 | D        | Found Bralu's Jewellery.
     6 | D        | Found Xipheupri's Bee Food.
    18 | D        | Bought a brightly glowing brass ring for 45 gold pieces
    18 | D        | Bought a brightly glowing graven amulet for 45 gold pieces
    18 | D        | Bought a translucent platinum ring for 45 gold pieces
    18 | D        | Identified the cursed ring of the Hidden Seas {-Tele rF+ AC-5 Str+3 Int+2} (You bought it in a shop in the Dungeon)
    19 | D        | Identified the amulet "Siwnoval" {rCorr -Tele rPois Str+2 Int+4} (You bought it in a shop in the Dungeon)
    20 | D        | Identified the ring of Moamippi {rElec rC++ rN+} (You bought it in a shop in the Dungeon)
    24 | D        | Reached XP level 2. HP: 16/31 MP: 1/1
    85 | D        | Reached skill level 5 in Unarmed Combat
    88 | D        | Noticed Sigmund
    88 | D        | Found a shadowy altar of Dithmenos.
    89 | D        | Found an opulent altar of Gozag.
    89 | D        | Found Chism's Magic Scroll Shop.
    90 | D        | Found Ongoed's Magic Scroll Shop.
    95 | D        | Killed Sigmund
    95 | D        | Reached skill level 6 in Unarmed Combat
    95 | D        | Reached XP level 3. HP: 23/41 MP: 2/2
    95 | D        | Reached XP level 4. HP: 27/49 MP: 2/2
   102 | D        | Found a sacrificial altar of Ru.
   103 | D        | Found a glowing silver altar of Zin.
   104 | D        | Found Rebram's Staff Store.
   104 | D        | Found Esokhl Huwu's Must-Have Magic.
   116 | D        | Noticed Terence
   121 | D        | Killed Terence
   121 | D        | Reached skill level 5 in Fighting
   125 | D        | Arena points: 12 (+12) [x2]
   136 | D        | Found Xaowacux's Premium Goods.
   156 | D        | Found a bloodstained altar of Trog.
   157 | D        | Found a deep blue altar of Sif Muna.
   159 | D        | Found a stormy altar of Qazlal.
   160 | D        | Found Khadatia's Distillery.
   161 | D        | Found Okhlel's Distillery.
   161 | D        | Found a burning altar of Makhleb.
   167 | D        | Round 2.
   171 | D        | Found a viscous altar of Jiyva.
   172 | D        | Found an ancient bone altar of Kikubaaqudgha.
   172 | D        | Found a basalt altar of Yredelemnul.
   175 | D        | Reached skill level 5 in Dodging
   178 | D        | Found Xecufei's Bottled Wisdom.
   178 | D        | Found Ocraotsa's Do-It-Yourself Clinic.
   186 | D        | Found Seogil's Weapon Rack.
   188 | D        | Found Onoicet's Basic Armour.
   192 | D        | Found Shroighail's Miscellaneous Merchandise.
   195 | D        | Became a worshipper of Jiyva Jighyre the Shapeless
   195 | D        | Acquired Jiyva's first power
   195 | D        | Acquired Jiyva's second power
   212 | D        | Gained mutation: You are resistant to hostile enchantments. [Jiyva's grace]
   212 | D        | Acquired Jiyva's third power
   212 | D        | Gained mutation: Your mind is acute. (Int +2) [Jiyva's grace]
   218 | D        | Noticed a porcupine
   221 | D        | Acquired Jiyva's fourth power
   221 | D        | Gained mutation: Your skin is partially translucent (Stealth, -foe acc). [Jiyva's grace]
   229 | D        | Killed a porcupine
   229 | D        | Reached skill level 7 in Unarmed Combat
   229 | D        | Reached XP level 5. HP: 49/59 MP: 1/2
   234 | D        | Gained mutation: You have acidic saliva. [Jiyva's grace]
   241 | D        | Noticed a porcupine
   248 | D        | Killed a porcupine
   248 | D        | Reached skill level 8 in Unarmed Combat
   248 | D        | Reached XP level 6. HP: 46/68 MP: 3/3
   273 | D        | Arena points: 54 (+42) [x3]
   301 | D        | Round 3.
   308 | D        | Bought a clouded turquoise ring for 45 gold pieces
   308 | D        | Bought a clouded marble ring for 45 gold pieces
   309 | D        | Identified the ring of the Good {SustAb +Blink rC- Dex+2} (You bought it in a shop in the Dungeon)
   318 | D        | Noticed an air elemental
   334 | D        | Killed an air elemental
   334 | D        | Reached skill level 9 in Unarmed Combat
   355 | D        | Reached XP level 7. HP: 21/79 MP: 1/3
   410 | D        | Identified the ring of Rarhon {AC+1 Int+4} (You bought it in a shop in the Dungeon)
   427 | D        | Reached skill level 10 in Unarmed Combat
   431 | D        | Gained mutation: You have a small jelly attached to you that may absorb incoming projectiles. [Jiyva's grace]
   433 | D        | HP: 4/80 [something (1)]
   441 | D        | Gained mutation: You are partially covered in thin metallic scales (AC +2). [mutagenic meat]
   446 | D        | Gained mutation: You are frail (-10% HP). [mutagenic meat]
   466 | D        | Arena points: 72 (+18) [x1]
   481 | D        | Round 4.
   527 | D        | Noticed an ogre mage
   538 | D        | Killed an ogre mage
   538 | D        | Reached skill level 11 in Unarmed Combat
   538 | D        | Reached XP level 8. HP: 42/83 MP: 1/3
   577 | D        | Lost mutation: You are frail (-10% HP). [Jiyva's grace]
   597 | D        | Noticed a two-headed ogre
   604 | D        | Killed a two-headed ogre
   604 | D        | Reached skill level 10 in Fighting
   604 | D        | Reached skill level 10 in Dodging
   604 | D        | Reached skill level 12 in Unarmed Combat
   615 | D        | Gained mutation: You can spit poison. [Jiyva's grace]
   659 | D        | Arena points: 128 (+56) [x2]
   659 | D        | Reached XP level 9. HP: 82/101 MP: 4/4
   684 | D        | Round 5.
   689 | D        | Noticed a giant anaconda
   702 | D        | HP: 5/101 [giant anaconda (3)]
   703 | D        | HP: 1/101 [giant anaconda (4)]
   703 | D        | Slain by a giant anaconda

Action                   |  1- 3 |  4- 6 |  7- 9 || total
-------------------------+-------+-------+-------++-------
Melee: Unarmed           |    10 |    35 |    46 ||    91
Invok: Request Jelly     |       |     3 |     2 ||     5
 Abil: Spit Poison       |       |       |     1 ||     1
Evoke: Wand              |       |       |    10 ||    10
  Use: Potion            |       |     3 |     3 ||     6
  Eat: Chunk             |       |     2 |     5 ||     7
